 Dungeon Crawl Stone Soup version 0.17.0-26-gececa24 (webtiles) character file.

1339 graki42 the Cutter (level 8, -6/54 (56) HPs)
             Began as a Halfling Berserker on Nov 19, 2015.
             Was an Elder of Trog.
             Mangled by a wight
             ... wielding a +1 great sword
              (13 damage)
             ... on level 5 of the Dungeon.
             The game lasted 00:21:30 (5237 turns).

graki42 the Cutter (Halfling Berserker)             Turns: 5237, Time: 00:21:30

HP:   -6/54 (56)    AC:  4    Str: 17    XL:     8   Next: 93%
MP:   8/8           EV: 18    Int: 10    God:    Trog [****..]
Gold: 228           SH:  0    Dex: 16    Spells: 0 memorised, 7 levels left

rFire  . . .     SeeInvis .     a - +0 short sword
rCold  . . .     Clarity  .     I - +0 leather armour (curse)
rNeg   . . .     SustAt   .     (shield restricted)
rPois  .         Gourm    .     w - +0 helmet
rElec  .         Spirit   .     (no cloak)
rCorr  .         Warding  .     (no gloves)
rMut   .         Stasis   .     (no boots)
MR     ++...                    r - amulet of faith
Stlth  +.........               f - ring of flight
                                y - +4 ring of intelligence

@: exhausted, regenerating, drained, very resistant to hostile enchantments,
very unstealthy
A: mutation resistance 1
a: Berserk, Trog's Hand, Brothers in Arms, Burn Spellbooks, Renounce Religion,
Evoke Flight


You were on level 5 of the Dungeon.
You worshipped Trog.
Trog was greatly pleased with you.
You were hungry.

You visited 1 branch of the dungeon, and saw 6 of its levels.

You collected 228 gold pieces.

Inventory:

Hand Weapons
 a - a +0 short sword (weapon)
Missiles
 l - 15 poisoned needles
 v - 7 needles of confusion
 B - a throwing net (quivered)
Armour
 w - a +0 helmet (worn)
 I - a cursed +0 leather armour (worn)
Jewellery
 f - a ring of flight (right hand)
 r - an amulet of faith (around neck)
 y - a +4 ring of intelligence (left hand)
 z - an uncursed ring of wizardry
Scrolls
 b - 3 scrolls of teleportation
 e - a scroll of fog {unknown}
 g - 5 scrolls of identify
 h - 2 scrolls of blinking {unknown}
 i - 2 scrolls of immolation {unknown}
 k - a scroll of magic mapping {unknown}
 o - a scroll of remove curse {unknown}
 p - a scroll of fear {unknown}
 A - 3 scrolls of recharging {unknown}
 C - a scroll of amnesia {unknown}
 G - 2 scrolls of random uselessness {unknown}
Potions
 d - a potion of agility {unknown}
 j - 2 potions of mutation {unknown}
 n - a potion of lignification {unknown}
 q - 3 potions of curing {unknown}
 s - a potion of might {unknown}
 x - a potion of resistance {unknown}
 H - a potion of poison {unknown}
Comestibles
 c - 4 bread rations
 t - a beef jerky
 u - 2 fruits
 D - a slice of pizza
 F - a meat ration


   Skills:
 + Level 5.5(5.1) Fighting
 + Level 7.8(7.4) Short Blades
 + Level 4.6(4.2) Armour
 + Level 6.8(6.3) Dodging


You had 7 spell levels left.
You didn't know any spells.

Dungeon Overview and Level Annotations

Branches:
Dungeon (6/15)
 Temple: D:4-7

Altars:
Fedhas
Gozag
Trog
Zin


Innate Abilities, Weirdness & Mutations

You are small and have problems with some larger weapons.
You are somewhat resistant to further mutation.


Message History

The wight is heavily damaged.
The wight misses you.
You hit the wight but do no damage.
The wight is heavily damaged.
You hit the wight.
The wight is severely damaged.
The wight hits you with an enchanted great sword!
* * * LOW HITPOINT WARNING * * *
You feel drained.
* * * LOW HITPOINT WARNING * * *
Your skin crawls.
You feel resistant to hostile enchantments.
You feel slightly more hungry.
You hit the wight but do no damage.
The wight is severely damaged.
The wight hits you but does no damage.
You completely miss the wight.
The wight is severely damaged.
The wight hits you with an enchanted great sword!
You die...

###### #....# ##
#####.##.# #.
#..†..##.# #.
#.######.###########.
#...@...........†....
###.z###############.
#..################
#..#.....)...†.....
#..#.........######
#########.....#
#.......#.....#
#._..._.#.....# ##
#.......###########.


You could see a wight.

Vanquished Creatures
  Grinder (D:4)
  Sigmund (D:5)
  A necrophage (D:4)
  A phantom (D:5)
  2 ogres
  A centaur zombie (D:5)
  2 crimson imps (D:5)
  2 jellies
  A hound (D:4)
  3 orc priests
  2 orc wizards
  2 worker ants
  A hound skeleton (D:5)
  The ghost of 4thArraOfDagon the Scratcher, a weakling FeTm (D:4)
  4 gnolls (D:3)
  8 adders
  2 shadow imps
  An adder skeleton (D:5)
  6 worms
  2 giant geckos
  8 orcs
  6 giant cockroaches
  14 goblins
  11 hobgoblins
  2 quokkas
  2 ball pythons (D:3)
  4 bats
  5 giant newts
  12 jackals
  5 kobolds
  5 rats
118 creatures vanquished.

Notes
Turn   | Place    | Note
--------------------------------------------------------------
     0 | D:1      | graki42 the Halfling Berserker began the quest for the Orb.
     0 | D:1      | Reached XP level 1. HP: 15/15 MP: 1/1
   217 | D:1      | Reached XP level 2. HP: 8/20 MP: 2/2
  1101 | D:2      | Reached XP level 3. HP: 22/26 MP: 3/3
  1276 | D:2      | Reached ** piety under Trog
  1482 | D:2      | Found a blossoming altar of Fedhas.
  1536 | D:2      | Reached skill level 5 in Short Blades
  1592 | D:2      | Reached XP level 4. HP: 23/31 MP: 4/4
  2424 | D:3      | Reached *** piety under Trog
  2494 | D:3      | Reached XP level 5. HP: 36/36 MP: 5/5
  2830 | D:4      | Noticed 4thArraOfDagon's ghost (weakling FeTm)
  2835 | D:4      | Killed 4thArraOfDagon's ghost
  2888 | D:4      | Reached XP level 6. HP: 43/43 MP: 6/6
  2923 | D:4      | Found a bloodstained altar of Trog.
  3002 | D:4      | Noticed Grinder
  3077 | D:4      | Killed Grinder
  3077 | D:4      | Reached skill level 6 in Short Blades
  3077 | D:4      | Reached XP level 7. HP: 12/49 MP: 7/7
  3526 | D:4      | Reached **** piety under Trog
  3790 | D:4      | Reached skill level 5 in Dodging
  3870 | D:4      | Reached skill level 5 in Fighting
  3977 | D:4      | Reached XP level 8. HP: 53/53 MP: 8/8
  4015 | D:5      | Entered Level 5 of the Dungeon
  4058 | D:5      | Reached skill level 7 in Short Blades
  4291 | D:5      | Noticed Sigmund
  4310 | D:5      | Killed Sigmund
  4986 | D:5      | Found a glowing silver altar of Zin.
  4986 | D:5      | Found an opulent altar of Gozag.
  5237 | D:5      | Mangled by a wight

Action                   |  1- 3 |  4- 6 |  7- 9 || total
-------------------------+-------+-------+-------++-------
Melee: Short sword       |   111 |   179 |   265 ||   555
Invok: Berserk           |     5 |     5 |     8 ||    18
       Trog's Hand       |     1 |     1 |     4 ||     6
  Use: Potion            |     1 |       |     1 ||     2
       Scroll            |       |       |     2 ||     2
 Stab: Sleeping          |     1 |       |       ||     1
  Eat: Chunk             |     7 |     9 |    15 ||    31
       Fruit             |       |       |     2 ||     2
